 Dungeon Crawl Stone Soup version 0.27-a0-1219-g958d993ae5 (webtiles) character file.

Game seed: 9719943255360278955

284410 miscthings the Eclecticist (level 21, 0/153 HPs)
             Began as a Djinni Conjurer on June 5, 2021.
             Was the Champion of Makhleb.
             Slain by a rockslime (31 damage)
             ... on level 5 of the Pits of Slime on June 6, 2021.
             The game lasted 01:37:01 (28912 turns).

miscthings the Eclecticist (Djinni Conjurer)       Turns: 28912, Time: 01:37:01

Health: 0/153      AC: -8    Str:  6    XL:     21   Next: 89%
Gold:   3954       EV: 25    Int: 31    God:    Makhleb [******] SH:  9 Dex: 14

rFire    + + .     SeeInvis +   G - staff of conjuration
rCold    + . .     Faith    .   W - +1 buckler {rC+}
rNeg     . . .     Spirit   .   p - +2 robe of Vines {NoPotionHeal Regen+++}
rPois    ∞         Reflect  .   S - +2 hat {Int+3}
rElec    .         Harm     .   H - +2 cloak of the Thief {*Fog Slay-2 SInv Stlth+}
rCorr    .         Rampage  .   l - +0 pair of gloves {archery}
Will     ++...                  (boots unavailable)
Stlth    +++.......             m - amulet of regeneration
HPRegen  4.35/turn              s - +4 ring of evasion
MPRegen  0.00/turn              T - ring of protection from cold

@: corroded, flying, studying Armour
A: sickness immunity, fire resistance 2, cold vulnerability 1, float, innate
caster, hp casting, extra vitality 1, claws 1
}: 1/15 runes: serpentine
a: Renounce Religion, Minor Destruction, Lesser Servant of Makhleb, Major
Destruction, Greater Servant of Makhleb


You were on level 5 of the Pits of Slime.
You worshipped Makhleb.
Makhleb was exalted by your worship.
You visited 7 branches of the dungeon, and saw 36 of its levels.
You also visited: Bailey and Volcano.

You collected 5063 gold pieces.
You spent 1109 gold pieces at shops.

Inventory:

Hand Weapons
 x - the +4 spear of Gluttony {vorpal, *Corrode rC++}
   (You found it on level 14 of the Dungeon)

   It inflicts extra damage upon your enemies.
   It greatly protects you from cold.
   It may corrode you when you take damage.
 Z - the +4 hand axe "Lovet" {pain, Will++}
   (You took it off a deep elf pyromancer on level 3 of the Elven Halls)

   In the hands of one skilled in necromantic magic, it inflicts extra damage on
   living creatures.
   It greatly increases your willpower.
Missiles
 r - 4 throwing nets
Armour
 l - a +0 pair of gloves of archery (worn)
 p - the +2 robe of Vines (worn) {NoPotionHeal Regen+++}
   (You took it off a deep elf knight on level 3 of the Elven Halls)

   It increases your rate of health regeneration.
 D - the +1 troll leather armour of Least Resistance {rElec Regen+}
   (You took it off a deep elf demonologist on level 3 of the Elven Halls)

   It insulates you from electricity.
   It increases your rate of health regeneration.
 H - the +2 cloak of the Thief (worn) {*Fog Slay-2 SInv Stlth+}
   (You found it on level 3 of the Elven Halls)

   It affects your accuracy and damage with ranged weapons and melee attacks
   (-2).
   It lets you see invisible.
   It makes you more stealthy.
 S - a +2 hat of intelligence (worn)
 W - a +1 buckler of cold resistance (worn)
Magical Staves
 k - a staff of air
 w - a staff of fire
 E - a staff of earth
 G - a staff of conjuration (weapon)
 K - a staff of death
Jewellery
 c - a ring of protection from cold
 m - an amulet of regeneration (around neck)
 s - a +4 ring of evasion (left hand)
 I - a ring of wizardry
 N - a ring of resist corrosion
 T - a ring of protection from cold (right hand)
 X - a ring of the Octopus King {AC+1 EV+1 Str+1 Int+1 Dex+1 SInv}
   (You took it off a deep elf demonologist on level 3 of the Elven Halls)

   [ring of see invisible]

   It affects your AC (+1).
   It affects your evasion (+1).
   It affects your strength (+1).
   It affects your intelligence (+1).
   It affects your dexterity (+1).
   It lets you see invisible.
Wands
 g - a wand of charming (31)
 v - a wand of paralysis (35)
 C - a wand of iceblast (12)
 L - a wand of digging (8)
 M - a wand of mindburst (35)
 Q - a wand of polymorph (9)
 R - a wand of acid (13)
Scrolls
 a - 8 scrolls of magic mapping
 f - 7 scrolls of immolation
 n - 3 scrolls of enchant armour
 q - 13 scrolls of teleportation
 u - a scroll of summoning
 y - 3 scrolls of blinking
 A - a scroll of holy word
 B - 4 scrolls of vulnerability
 F - 4 scrolls of fear
 J - 7 scrolls of identify {@r1}
 V - 3 scrolls of fog
Potions
 b - 2 potions of resistance
 d - 14 potions of curing
 e - 8 potions of lignification
 h - 6 potions of attraction
 i - 13 potions of might
 o - 6 potions of cancellation
 t - 2 potions of brilliance
 z - 4 potions of haste
 O - 6 potions of heal wounds
 P - 4 potions of mutation
 U - 14 potions of ambrosia
 Y - 5 potions of invisibility
Miscellaneous
 j - a tin of tremorstones (2/2)


   Skills:
 + Level 14.5 Fighting
 + Level 9.4 Armour
 + Level 17.8 Dodging
 - Level 1.5 Stealth
 + Level 14.4 Shields
 * Level 18.4 Spellcasting
 - Level 12.2 Evocations


You couldn't memorise any spells.
You knew the following spells:

 Your Spells              Type           Power      Damage    Failure   Level
a - Iskenderun's Mystic   Conj/Tloc      100%       2d19      0%          4
b - Magic Dart            Conj           100%       1d8       0%          1
c - Monstrous Menagerie   Summ           48%        N/A       1%          7
d - Fulminant Prism       Conj/Hex       60%        3d27      0%          4
e - Searing Ray           Conj           100%       3d7       0%          2
f - Animate Skeleton      Necr           100%       N/A       0%          1
g - Corpse Rot            Necr/Air       N/A        N/A       0%          2
h - Slow                  Hex            97%        N/A       0%          2
i - Tukima's Dance        Hex            97%        N/A       0%          3
j - Silence               Hex/Air        48%        N/A       1%          5
k - Blade Hands           Tmut           48%        N/A       1%          6
l - Dazzling Flash        Conj/Hex       100%       N/A       0%          3
m - Disjunction           Tloc           48%        N/A       4%          8
x - Eringya's Noxious Bo  Tmut/Pois      48%        N/A       1%          6
z - Iskenderun's Battles  Conj           100%       2d15      1%          5
Your spell library was empty.

Dungeon Overview and Level Annotations

Branches:
Dungeon (15/15)            Temple (1/1) D:5            Lair (6/6) D:9
 Shoals (0/4) Lair:3        Snake (4/4) Lair:4        Slime (5/5) Lair:5
    Orc (2/2) D:12            Elf (3/3) Orc:2        Vaults (0/5) D:13
 Depths (0/5) D:15         Bailey (visited)         Volcano (visited)

Altars:
Ashenzari
Cheibriados
Dithmenos
Elyvilon
Fedhas
Gozag
Hepliaklqana
Kikubaaqudgha
Makhleb
Nemelex Xobeh
Okawaru
Qazlal
Ru
Sif Muna
Trog
Uskayaw
Vehumet
Wu Jian
Xom
Yredelemnul
Zin
The Shining One
Beogh
Jiyva

Shops:
D:4 (   D:6 *   D:9 (   Orc:2 =::*!   Elf:2 *   Elf:3 (   Snake:2 [*(
Snake:4 *

Annotations:
Snake:2 2 transporters, exclusion: obsidian statue, Vashnia
Elf:2 3 runed translucent doors


Innate Abilities, Weirdness & Mutations

You are immune to sickness and miasma.
You are immune to poison.
Your flesh is very heat resistant. (rF++)
You are vulnerable to cold. (rC-)
You float through the air rather than walking.
You learn spells naturally, not from books.
Your magical power is your life essence.
You have superior vitality. (+4 HP)
You have sharp fingernails.


Message History

* * * LOW HITPOINT WARNING * * *
The acid blob jiggles.
Your fulminant prism crackles loudly.
Your fulminant prism explodes!
The blast of energy engulfs the acid blob!!!
The acid blob is almost dead.
The blast of energy engulfs the azure jelly!!
The azure jelly is severely wounded.
The blast of energy engulfs the Royal Jelly!!!
You kill the Royal Jelly!
Makhleb accepts your kill.
You feel better.
You feel a strange vibration for a moment.
With an infernal noise, the power ruling this place vanishes!
The dying Royal Jelly spits out three more jellies.
There is a stone staircase leading up here.
Casting: Fulminant Prism (safe; 0% risk of failure)
Confirm with . or Enter, or press ? or * to list all spells.
You feel a surge of power!
You erupt in a blast of force!
The mystic blast hits the rockslime but does no damage.
The rockslime is heavily wounded.
The mystic blast hits the azure jelly!!
The azure jelly is severely wounded.
The azure jelly is knocked back by the mystic blast.
The azure jelly collides with the rockslime!
Your battlesphere fires!
The barrage of energy hits the rockslime.
The rockslime is lightly wounded.
Your battlesphere expends the last of its energy and dissipates.
The azure jelly completely misses you. The azure jelly hits you!
The azure jelly freezes you! You resist.
* * * LOW HITPOINT WARNING * * *
The azure jelly misses you. The azure jelly completely misses you.
The azure jelly hits you.
* * * LOW HITPOINT WARNING * * *
The azure jelly freezes you! You resist.
* * * LOW HITPOINT WARNING * * *
You block the azure jelly's attack. x2; The azure jelly misses you.
The rockslime hits you!!
You die...

..............
..............
#..............
###.............. #.##
##................ ##...
####.................
#....##....................
.........@................
#......JJ○............#..
###.....................###
#.........J.J.........###?#
#.........J..........###?((
##..........J.......###(}!#
##.........JJ...J...###:}φ=)
#....................##[[}[#
#...................####[?#=


You could see 3 acid blobs, 2 azure jellies, 2 rockslimes and 2 quicksilver
oozes.

Vanquished Creatures
  the Royal Jelly (Slime:5)
  Saint Roka (Snake:2)
  Rupert (D:15)
  2 deep elf master archers (Elf:3)
  2 deep elf blademasters (Elf:3)
  9 acid blobs
  Kirke (D:14)
  A frost giant (D:15)
  4 azure jellies
  5 rockslimes
  7 nagarajas
  3 deep elf sorcerers (Elf:3)
  Aizul (Snake:2)
  13 deep elf elementalists
  7 quicksilver oozes
  Nessos (Orc:2)
  4 deep elf demonologists (Elf:3)
  A dire elephant (Lair:6)
  2 deep elf annihilators (Elf:3)
  Snorg (Lair:4)
  4 deep elf death magi (Elf:3)
  The ghost of Orlauf the Wallflower, a journeyman DsGl of Uskayaw (D:11)
  A great orb of eyes (Slime:4)
  2 deep elf high priests (Elf:3)
  Harold (D:9)
  19 naga warriors
  3 salamander tyrants
  2 boulder beetles
  3 vault guards (D:13)
  8 hydras
  2 catoblepae
  3 centaur warriors
  18 anacondas
  4 two-headed ogres
  20 dancing weapons
  4 tengu warriors (D:15)
  A merfolk avatar (Lair:6)
  Urug (Lair:2)
  A hell hog (Volcano)
  3 death knights
  8 naga sharpshooters
  5 orc high priests
  12 deep elf knights
  5 shock serpents
  4 skeletal warriors
  A fire crab (Volcano)
  5 sea snakes
  10 salamander mystics (Snake:4)
  5 deep elf archers
  3 wizards
  2 phantasmal warriors (D:14)
  6 naga ritualists
  4 lindwurms (Snake:4)
  21 deep elf pyromancers
  A necromancer (D:13)
  A harpy (shapeshifter) (D:14)
  21 deep elf zephyrmancers
  An oklob plant (Snake:3)
  6 orc sorcerers
  7 orc knights
  20 mana vipers
  4 manticores
  2 shining eyes
  5 cyclopes
  9 ugly things
  An elephant (shapeshifter) (D:14)
  9 elephants
  8 guardian serpents
  19 salamanders
  An ice statue (D:8)
  A centaur zombie (D:11)
  15 naga magi
  45 black mambas
  2 molten gargoyles (Volcano)
  An eye of devastation (Slime:4)
  18 cane toads
  3 gargoyles
  An unseen horror (D:13)
  3 efreet
  A cane toad (shapeshifter) (D:13)
  Maggie (D:8)
  2 rime drakes
  A freezing wraith (D:14)
  A kobold demonologist (D:11)
  13 komodo dragons
  A tengu conjurer (D:15)
  8 trolls
  A polar bear (Lair:6)
  A queen bee (Lair:5)
  9 meliai
  3 hornets
  4 blink frogs (Lair:3)
  48 slime creatures
  Prince Ribbit (D:5)
  6 dream sheep (Lair:4)
  Sigmund (D:3)
  A spriggan (Lair:1)
  A tarantella (shapeshifter) (D:13)
  A centaur simulacrum (D:14)
  2 vampires (D:12)
  3 water elementals
  6 fire bats (Volcano)
  4 wraiths
  A ynoxinul (D:10)
  19 humans (D:13)
  3 steam dragons
  39 yaks
  7 basilisks
  7 wyverns
  2 fire elementals
  2 hogs (D:14)
  3 vampire mosquitoes
  A golden eye (Slime:5)
  A warg (Orc:2)
  50 nagas
  3 acid dragons
  21 water moccasins
  A hell hound (Volcano)
  24 orc warriors
  A swamp drake (D:9)
  3 ice beasts
  3 black bears (Lair:2)
  A necrophage (D:5)
  13 ogres
  8 wolves
  The ghost of doombilly the Magician, an amateur DsWz (D:4)
  An ogre (shapeshifter) (Elf:2)
  19 centaurs
  A phantom (D:4)
  A kobold brigand (D:7)
  15 bullfrogs
  An earth elemental (Elf:2)
  2 gnoll sergeants
  A wyvern zombie (D:7)
  A scorpion (D:6)
  A wyvern skeleton (D:6)
  A water moccasin skeleton (D:5)
  26 killer bees
  2 wights (D:8)
  7 electric eels
  2 howler monkeys
  5 lava snakes (Volcano)
  3 hounds (D:6)
  5 jellies
  9 orc priests
  2 centaur skeletons (D:6)
  4 iguanas
  5 gnoll shamans
  10 orc wizards
  A killer bee zombie (D:5)
  A hound skeleton (D:4)
  A howler monkey zombie (D:9)
  Robin (D:3)
  30 gnolls
  11 adders
  A shadow imp (D:8)
  2 ufetubi
  3 worms
  3 dart slugs
  66 orcs
  10 ball pythons
  3 bats
  14 endoplasms
  8 giant cockroaches
  28 goblins
  23 hobgoblins
  8 jackals
  A quokka (D:4)
  6 frilled lizards
  8 kobolds
  6 rats
  A butterfly (Lair:4)
  4 fulminant prisms
1161 creatures vanquished.

Vanquished Creatures (collateral kills)
  Dissolution (Slime:2)
  2 acid blobs
  An azure jelly (Slime:3)
  A rockslime (Slime:5)
  A quicksilver ooze (Slime:3)
  A salamander mystic (Snake:4)
  A shining eye (Slime:4)
  3 slime creatures (Slime:3)
11 creatures vanquished.

Vanquished Creatures (others)
  2 acid blobs
  A rockslime (Slime:2)
  An azure jelly (Slime:5)
  A deep elf demonologist (Elf:3)
  2 deep elf knights
  A salamander mystic (Snake:4)
  A naga mage (Snake:1)
  3 yaks (Lair:5)
  An orc warrior (Orc:2)
  An orc priest (Orc:2)
  115 fulminant prisms
  30 fungi
  70 plants
229 creatures vanquished.

Grand Total: 1401 creatures vanquished

Notes
Turn   | Place    | Note
-------+----------+-------------------------------------------
     0 | D:1      | miscthings the Djinni Conjurer began the quest for the Orb.
     0 | D:1      | Reached XP level 1. HP: 15/15 MP: 0/0
    62 | D:1      | Reached XP level 2. HP: 8/21 MP: 0/0
   491 | D:1      | Reached XP level 3. HP: 19/25 MP: 0/0
   491 | D:1      | Learned a level 1 spell: Animate Skeleton
   531 | D:1      | Reached skill level 4 in Spellcasting
  1405 | D:2      | Reached XP level 4. HP: 30/31 MP: 0/0
  1689 | D:2      | Found a faded altar of an unknown god.
  1908 | D:2      | Reached XP level 5. HP: 13/35 MP: 0/0
  1908 | D:2      | Learned a level 2 spell: Corpse Rot
  2481 | D:3      | Noticed Sigmund
  2508 | D:3      | Killed Sigmund
  2509 | D:3      | Reached skill level 5 in Spellcasting
  2509 | D:3      | Reached XP level 6. HP: 24/40 MP: 0/0
  2718 | D:3      | Reached skill level 6 in Spellcasting
  2778 | D:3      | Noticed Robin
  2781 | D:3      | Killed Robin
  2782 | D:3      | Reached XP level 7. HP: 12/45 MP: 0/0
  2782 | D:3      | Learned a level 2 spell: Slow
  3313 | D:4      | Noticed doombilly's ghost (amateur DsWz)
  3561 | D:4      | Reached skill level 7 in Spellcasting
  3786 | D:4      | Found a runed translucent door.
  3871 | D:4      | Reached XP level 8. HP: 45/50 MP: 0/0
  3905 | D:4      | Found Kymmim's Antique Weapon Shop.
  4189 | D:4      | Killed doombilly's ghost
  4213 | D:5      | Entered Level 5 of the Dungeon
  4358 | D:5      | Reached skill level 8 in Spellcasting
  4409 | D:5      | Identified the +0 ring mail "Wagan" {rPois}
  4545 | D:5      | Found a staircase to the Ecumenical Temple.
  4563 | Temple   | Entered the Ecumenical Temple
  4861 | D:5      | Noticed Prince Ribbit
  4928 | D:5      | Killed Prince Ribbit
  5230 | D:6      | Reached XP level 9. HP: 38/55 MP: 0/0
  5230 | D:6      | Learned a level 3 spell: Tukima's Dance
  5430 | D:6      | Reached skill level 9 in Spellcasting
  5430 | D:6      | Found a hazy altar of Hepliaklqana.
  5433 | D:6      | Found a faded altar of an unknown god.
  5467 | D:6      | Found a stormy altar of Qazlal.
  5567 | D:6      | Reached skill level 1 in Fighting
  5567 | D:6      | Reached skill level 1 in Shields
  5567 | D:6      | Reached skill level 1 in Evocations
  5597 | D:6      | Found Zaosihuy's Assorted Antiques.
  5619 | D:6      | Bought an iron ring for 145 gold pieces
  5619 | D:6      | Bought a scroll labelled ZAJEUM XIUT for 29 gold pieces
  5619 | D:6      | Bought a scroll labelled ZAJEUM XIUT for 29 gold pieces
  5619 | D:6      | Bought a smoky emerald potion for 26 gold pieces
  5619 | D:6      | Bought a scroll labelled LIAMOPH TUBI for 29 gold pieces
  6386 | D:7      | Found a sparkling altar of Nemelex Xobeh.
  6439 | D:7      | Reached XP level 10. HP: 61/65 MP: 0/0
  6586 | D:8      | Found a white marble altar of Elyvilon.
  6586 | D:8      | Found an iron altar of Okawaru.
  6586 | D:8      | Found a glowing golden altar of the Shining One.
  6586 | D:8      | Found a burning altar of Makhleb.
  6602 | D:8      | Became a worshipper of Makhleb the Destroyer
  6682 | D:8      | Reached * piety under Makhleb
  6705 | D:8      | Noticed Maggie
  6712 | D:8      | Killed Maggie
  6910 | D:8      | Reached skill level 10 in Spellcasting
  6952 | D:8      | Reached skill level 5 in Dodging
  6956 | D:8      | Noticed an ice statue
  6969 | D:8      | Noticed a death knight
  6972 | D:8      | Killed a death knight
  6980 | D:8      | Noticed a catoblepas
  6983 | D:8      | Reached XP level 11. HP: 66/74 MP: 0/0
  6983 | D:8      | Learned a level 5 spell: Silence
  7008 | D:8      | Killed a catoblepas
  7261 | D:8      | Found a blossoming altar of Fedhas.
  7425 | D:9      | Reached skill level 5 in Fighting
  7426 | D:9      | Reached skill level 5 in Shields
  7426 | D:9      | Reached skill level 5 in Evocations
  7427 | D:9      | Reached ** piety under Makhleb
  7439 | D:9      | Noticed Harold
  7451 | D:9      | Killed Harold
  7511 | D:9      | Found Moiwaina's Antique Weapon Shoppe.
  7960 | D:9      | Found a staircase to the Lair.
  8259 | D:9      | Noticed a two-headed ogre
  8263 | D:9      | Killed a two-headed ogre
  8264 | D:9      | Reached skill level 11 in Spellcasting
  8264 | D:9      | Reached XP level 12. HP: 75/82 MP: 0/0
  8313 | D:10     | Entered Level 10 of the Dungeon
  8429 | D:10     | Identified Sif Muna's Collected Works on Companions
  8434 | D:10     | Found a bloodstained altar of Trog.
  8480 | D:10     | Noticed a two-headed ogre
  8486 | D:10     | Killed a two-headed ogre
  8493 | D:10     | Reached *** piety under Makhleb
  8532 | D:10     | Identified the +6 hand axe "Killer Klown's Regret" {flame,
                  | Int+3}
  9291 | D:11     | Noticed a six-headed hydra
  9296 | D:11     | Killed a six-headed hydra
  9836 | D:11     | Found a transporter.
  9949 | D:11     | Noticed Orlauf's ghost (journeyman DsGl)
  9950 | D:11     | Noticed a two-headed ogre
  9951 | D:11     | Found a transporter.
  9975 | D:11     | Killed a two-headed ogre
  9989 | D:11     | Killed Orlauf's ghost
 10268 | Lair:1   | Entered Level 1 of the Lair of Beasts
 10284 | Lair:1   | Noticed a seven-headed hydra
 10289 | Lair:1   | Killed a seven-headed hydra
 10507 | Lair:1   | Reached XP level 13. HP: 90/90 MP: 0/0
 10507 | Lair:1   | Learned a level 5 spell: Iskenderun's Battlesphere
 11085 | Lair:2   | Noticed a five-headed hydra
 11093 | Lair:2   | Killed a five-headed hydra
 11093 | Lair:2   | Reached **** piety under Makhleb
 11137 | Lair:2   | You are sucked into a shaft and drop 2 floors!
 11154 | Lair:4   | Reached skill level 12 in Spellcasting
 11192 | Lair:4   | Noticed a six-headed hydra
 11197 | Lair:4   | Killed a six-headed hydra
 11423 | Lair:2   | Noticed Urug
 11435 | Lair:2   | Killed Urug
 11468 | Lair:2   | Reached ***** piety under Makhleb
 11513 | Lair:2   | Found a dark tunnel.
 11520 | Volcano  | Entered a volcano
 11817 | Volcano  | Found a bloodstained altar of Trog.
 11890 | Volcano  | Reached XP level 14. HP: 97/99 MP: 0/0
 11952 | Lair:2   | Reached skill level 10 in Dodging
 11952 | Lair:2   | Reached XP level 15. HP: 105/105 MP: 0/0
 11952 | Lair:2   | Learned a level 6 spell: Blade Hands
 12637 | Lair:3   | Reached skill level 13 in Spellcasting
 12653 | Lair:3   | Found a staircase to the Shoals.
 13154 | Lair:4   | Noticed Snorg
 13161 | Lair:4   | Killed Snorg
 13349 | Lair:4   | Found a staircase to the Snake Pit.
 13659 | Lair:4   | Found an ornate altar of the Wu Jian Council.
 13836 | Lair:5   | Gained mutation: You are agile. (Dex +2) [potion of
                  | mutation]
 14076 | Lair:5   | Found a staircase to the Slime Pits.
 14194 | Lair:5   | Identified a scroll of acquirement
 14209 | Lair:5   | Acquired a manual of Dodging
 14510 | Lair:6   | Entered Level 6 of the Lair of Beasts
 14543 | Lair:6   | Reached ****** piety under Makhleb
 14646 | Lair:6   | Identified the +7 flail "Toym" {speed, Int+2 Stlth+}
 14702 | Lair:6   | Reached skill level 10 in Fighting
 14717 | Lair:6   | Reached skill level 10 in Evocations
 15565 | D:12     | Reached skill level 10 in Shields
 15599 | D:12     | Acquired a manual of Spellcasting
 15612 | D:12     | Reached XP level 16. HP: 113/113 MP: 0/0
 15623 | D:12     | Found a staircase to the Orcish Mines.
 15645 | D:12     | Found a flagged portal.
 15654 | Bailey   | Entered a bailey
 15767 | Bailey   | Found an iron altar of Okawaru.
 15954 | Bailey   | Acquired 795 gold pieces
 16153 | D:12     | Found the +6 arbalest "Damnation" {damnation}
 16378 | D:12     | Reached skill level 14 in Spellcasting
 17197 | Orc:1    | Entered Level 1 of the Orcish Mines
 17602 | Orc:2    | Entered Level 2 of the Orcish Mines
 17642 | Orc:2    | Found Qeuczygg's Assorted Antiques.
 17653 | Orc:2    | Bought a scroll of blinking for 240 gold pieces
 17759 | Orc:2    | Noticed Nessos
 17773 | Orc:2    | Killed Nessos
 17869 | Orc:2    | Found a staircase to the Elven Halls.
 17981 | Orc:2    | Found Xoosy's Distillery.
 18041 | Orc:2    | Found Quzutat's Book Shop.
 18057 | Orc:2    | Found Tongocati's Book Shop.
 18059 | Orc:2    | Found Donygemp's Jewellery Shoppe.
 18644 | D:13     | Found a gate to the Vaults.
 19313 | D:14     | Reached skill level 15 in Spellcasting
 19379 | D:14     | Reached XP level 17. HP: 121/121 MP: 0/0
 19379 | D:14     | Learned a level 6 spell: Eringya's Noxious Bog
 19536 | D:14     | Noticed Kirke
 19543 | D:14     | Killed Kirke
 19548 | D:14     | Lost mutation: You are agile. (Dex +2) [potion of mutation]
 19548 | D:14     | Gained mutation: You tend to lose your temper in combat.
                  | [potion of mutation]
 19548 | D:14     | Gained mutation: You are strong-willed. (Will+) [potion of
                  | mutation]
 19548 | D:14     | Gained mutation: You expend health (3 HP) to strengthen
                  | your wands. [potion of mutation]
 19631 | D:14     | Lost mutation: You expend health (3 HP) to strengthen your
                  | wands. [potion of mutation]
 19631 | D:14     | Lost mutation: You tend to lose your temper in combat.
                  | [potion of mutation]
 19631 | D:14     | Lost mutation: You are strong-willed. (Will+) [potion of
                  | mutation]
 19631 | D:14     | Gained mutation: You have sharp fingernails. [potion of
                  | mutation]
 19944 | D:14     | Identified the +4 spear of Gluttony {vorpal, *Corrode rC++}
 19991 | D:15     | Entered Level 15 of the Dungeon
 20139 | D:15     | Noticed Rupert
 20150 | D:15     | Killed Rupert
 20227 | D:15     | Found a shimmering altar of Xom.
 20228 | D:15     | Found a shimmering altar of Xom.
 20228 | D:15     | Found a shimmering altar of Xom.
 20230 | D:15     | Found a shimmering altar of Xom.
 20231 | D:15     | Found a shimmering altar of Xom.
 20351 | D:15     | Found a staircase to the Depths.
 20703 | Snake:1  | Entered Level 1 of the Snake Pit
 21215 | Snake:1  | Reached skill level 16 in Spellcasting
 21741 | Snake:2  | Found a transporter.
 21742 | Snake:2  | Noticed Vashnia
 21827 | Snake:2  | Reached XP level 18. HP: 116/130 MP: 0/0
 21937 | Snake:2  | Found Qyoc's Armour Boutique.
 21939 | Snake:2  | Found Eroyj's Assorted Antiques.
 21942 | Snake:2  | Found Gourr's Antique Weapon Boutique.
 21949 | Snake:2  | Bought a faintly glowing hand crossbow for 212 gold pieces
 21949 | Snake:2  | Identified the +8 hand crossbow "Nomi" {venom, SInv} (You
                  | bought it in a shop on level 2 of the Snake Pit)
 21957 | Snake:2  | Found a transporter.
 22058 | Snake:2  | Noticed Aizul
 22068 | Snake:2  | Killed Aizul
 22198 | Snake:2  | Noticed Saint Roka
 22235 | Snake:2  | Killed Saint Roka
 22236 | Snake:2  | Reached skill level 15 in Dodging
 22851 | Snake:3  | Identified the +6 hand axe "Cupiem" {holy, rElec rN+ Int-3}
 22911 | Snake:3  | Identified the +3 leather armour of the Shining Light
                  | {rElec rPois}
 23132 | Snake:3  | Found a bloodstained altar of Trog.
 23524 | Snake:4  | Entered Level 4 of the Snake Pit
 23542 | Snake:4  | Reached skill level 1 in Armour
 23909 | Snake:4  | Reached XP level 19. HP: 122/136 MP: 0/0
 23909 | Snake:4  | Learned a level 7 spell: Monstrous Menagerie
 24023 | Snake:4  | Found Hioniumi's Mayhem Merchandise.
 24378 | Snake:4  | Reached skill level 17 in Spellcasting
 24448 | Snake:4  | Got a serpentine rune of Zot
 24968 | Elf:1    | Entered Level 1 of the Elven Halls
 25065 | Elf:1    | Reached skill level 5 in Armour
 25176 | Elf:1    | Reached XP level 20. HP: 141/144 MP: 0/0
 26053 | Elf:2    | Found Xamog's Assorted Antiques.
 26061 | Elf:2    | Bought a scroll of vulnerability for 187 gold pieces
 26061 | Elf:2    | Bought a scroll of immolation for 87 gold pieces
 26062 | Elf:2    | Bought a potion of heal wounds for 125 gold pieces
 26140 | Elf:2    | Found a runed translucent gate.
 26140 | Elf:2    | Found a runed translucent gate.
 26141 | Elf:2    | Found a runed translucent gate.
 26555 | Elf:3    | Entered Level 3 of the Elven Halls
 26841 | Elf:3    | Noticed a Tzitzimitl
 26844 | Elf:3    | Identified the +1 troll leather armour of Least Resistance
                  | {rElec Regen+}
 26844 | Elf:3    | Found the ring of the Octopus King {AC+1 EV+1 Str+1 Int+1
                  | Dex+1 SInv}
 26853 | Elf:3    | Identified the +4 hand axe "Lovet" {pain, Will++}
 26872 | Elf:3    | Identified the ring of Ufuajadeown {Str+6 Slay+2}
 27002 | Elf:3    | Identified Sif Muna's Collected Works on the Voyage and the
                  | Escort
 27104 | Elf:3    | Reached XP level 21. HP: 151/151 MP: 0/0
 27104 | Elf:3    | Learned a level 8 spell: Disjunction
 27155 | Elf:3    | Found Exzoek's Weapon Shop.
 27529 | Elf:3    | Identified the +4 scale mail of Tyzemip {rN+ Str+2}
 27606 | Elf:3    | Found the +2 cloak of the Thief {*Fog Slay-2 SInv Stlth+}
 27659 | Elf:3    | Identified the Handbook of Scorching Attacks
 27752 | Elf:3    | Reached skill level 18 in Spellcasting
 27852 | Elf:3    | Upgraded the game from 0.27-a0-1202-ge72e49191c to
                  | 0.27-a0-1219-g958d993ae5
 28322 | Slime:1  | Entered Level 1 of the Pits of Slime
 28335 | Slime:2  | Noticed Dissolution
 28353 | Slime:2  | Killed Dissolution
 28591 | Slime:5  | Entered Level 5 of the Pits of Slime
 28679 | Slime:5  | Found a viscous altar of Jiyva.
 28842 | Slime:5  | Noticed the Royal Jelly
 28908 | Slime:5  | Killed the Royal Jelly
 28912 | Slime:5  | Slain by a rockslime

Illustrated notes

Levels and vault maps discovered:
D:1:      kennysheep_arrival_seaside, layout_rooms
D:2:      layout_basic, basic_ecumenical_altar
D:3:      minmay_octagon_keep, layout_basic, uniq_sigmund, uniq_robin
D:4:      minmay_chambers_of_twos, layout_rooms, hellmonk_ghost_happy_afterlife,
          serial_shops, shop, supply_closet_lemuel, wad_floor_pattern_2,
          kennysheep_opposing_triangles
D:5:      layout_loops_ring, minmay_temple_entry_nine_rooms, uniq_prince_ribbit1
D:6:      layout_loops_corners, general_overflow_altar,
          beargit_hepliaklqana_dungeon_heroes, serial_shops, shop_statue
D:7:      layout_basic, marbit_many_paths
D:8:      layout_rooms, grunt_temple_overflow_growth_and_decay,
          grunt_temple_overflow_open, special_room [special_room_orc],
          nzn_random_ring, uniq_maggie
D:9:      layout_irregular_city, erik_lair_dragon, serial_shops,
          nicolae_shop_stone, uniq_harold
D:10:     layout_loops_ring, nzn_overflow_gifts_of_might_and_magic
D:11:     layout_layer_cave, gammafunk_ghost_smash
D:12:     minmay_inside_and_out, layout_basic, enter_bailey_8
D:13:     layout_roguey [special_room_orc], grunt_vaults_entry_tiered,
          grunt_decor_resistance
D:14:     minmay_spotlight, layout_irregular_city, kennysheep_minor_cross,
          dk_noncrumbling_3, uniq_kirke
D:15:     grunt_enter_depths_snipers, layout_rooms, xom_redecorated, uniq_rupert
Temple:   jpeg_temple_alley_garden
Lair:1:   layout_regular_city, grunt_forest_large_clearing_hut,
          lemuel_fruit_tree
Lair:2:   layout_chaotic_city, enter_volcano_2, beast_lair_carwin_6, uniq_urug
Lair:3:   layout_loops_ring, minmay_shoals_entry_centaurs
Lair:4:   layout_gridlike, minmay_snake_entry_guardpost_medium,
          lemuel_centaur_altar, serial_bayou_shore_b, lemuel_fruit_fields,
          uniq_snorg
Lair:5:   layout_concentric_octagons, nicolae_slime_entry_slimehenge,
          special_room [special_room_bee], small_statue_intersection
Lair:6:   gammafunk_lair_ancient_temple, layout_loops_ring, lemuel_old_faithful
Snake:1:  layout_onion, basic_altar, nicolae_snake_slithery_corners,
          grunt_megastairs_3
Snake:2:  gammafunk_sealed_arena, layout_cave_shapes, minmay_snake_pond,
          minmay_shop_star, grunt_megastairs_5, uniq_saint_roka, uniq_vashnia,
          uniq_aizul
Snake:3:  layout_onion_interference, nicolae_snake_gridmaze_squiggle,
          st_stairs_6, grunt_ministairs_3, serial_bayou_pond_c,
          lemuel_oklob_altar
Snake:4:  snake_pit_salamanders_mu, layout_misc_corridors, minmay_shop_mayhem
Slime:1:  layout_caves, cheibrodos_slime_lost_civilization_4
Slime:2:  layout_caves, nicolae_slime_phagocytosis, uniq_dissolution
Slime:3:  layout_caves
Slime:4:  cheibrodos_slime_lost_civilization_1, layout_caves,
          nicolae_slime_welcoming_committee
Slime:5
Orc:1:    layout_diamond_mine, basic_altar
Orc:2:    st_orc_elflike, layout_diamond_mine, serial_shops, shop, uniq_nessos
Elf:1:    elf_arrival_001, layout_loops_corners,
          hangedman_elven_crosses_minicolossus
Elf:2:    layout_geoelf_diagonals, serial_shops,
          nicolae_shop_competitors_out_of_business, st_stairs_3
Elf:3:    grunt_elf_hall_diamonds, layout_loops_corners, serial_shops,
          nicolae_shop_statue_plus, nicolae_elf_v_pinch, uniq_louise

Skill      XL: |  1  2  3  4  5  6  7  8  9 10 11 12 13 14 15 16 17 18 19 20 21 |
---------------+----------------------------------------------------------------+-----
Spellcasting   | 4 5 6 7 8 9 10 11 12 13 15 16 17 18 | 18.4
Fighting       | 2 4 5 7 8 9 10 11 12 13 14 | 14.5
Shields        | 2 4 5 7 8 10 11 12 13 14 | 14.4
Evocations     | 2 4 5 7 8 10 11 12 | 12.2
Dodging        | 3 5 6 8 9 10 11 13 14 15 16 17 | 17.8
Armour         | 2 5 7 9 |  9.4
Stealth        | |  1.5

Action                   |  1- 3 |  4- 6 |  7- 9 | 10-12 | 13-15 | 16-18 | 19-21 || total
-------------------------+-------+-------+-------+-------+-------+-------+-------++-------
Melee: Unarmed           |     1 |     2 |       |       |       |       |       ||     3
       Staff             |       |       |     1 |     3 |       |     2 |     1 ||     7
       Hand axe          |       |       |       |       |     4 |     5 |     3 ||    12
       Spear             |       |       |       |       |       |       |     2 ||     2
 Fire: Arbalest          |       |       |       |       |       |     8 |       ||     8
 Cast: Magic Dart        |    57 |     1 |       |       |     3 |     6 |    17 ||    84
       Searing Ray       |    12 |    34 |    61 |    70 |    96 |   191 |   112 ||   576
       Iskenderun's Myst |       |     2 |    11 |    71 |   136 |   293 |   308 ||   821
       Fulminant Prism   |       |     2 |     5 |    45 |    18 |    34 |    15 ||   119
       Iskenderun's Batt |       |       |       |       |    26 |    53 |    43 ||   122
       Tukima's Dance    |       |       |       |       |       |     1 |       ||     1
       Eringya's Noxious |       |       |       |       |       |     7 |     7 ||    14
       Monstrous Menager |       |       |       |       |       |       |    19 ||    19
Evoke: Piece from Xom's  |       |       |       |     5 |       |       |       ||     5
       Wand              |       |       |       |       |     2 |     3 |     7 ||    12
  Use: Scroll            |       |       |     7 |     7 |    16 |     8 |     6 ||    44
       Potion            |       |       |     1 |       |     2 |     3 |     3 ||     9
Armor: Robe              |     2 |     3 |       |       |       |       |     2 ||     7
       Animal skin       |       |       |    18 |    12 |       |       |       ||    30
       Skin              |       |       |       |     2 |       |       |       ||     2
       Troll leather arm |       |       |       |     2 |    33 |    47 |    31 ||   113
Dodge: Dodged            |     5 |    10 |    47 |    48 |    98 |   180 |   151 ||   539
Block: Kite shield       |       |       |       |    20 |    78 |   160 |    54 ||   312
       Buckler           |       |       |       |       |       |       |    36 ||    36

Table legend: (Time is in decaauts)
 A = Elapsed time spent in this place.
 B = Non-inter-level travel time spent in this place.
 C = Inter-level travel time spent in this place.
 D = Time resting spent in this place.
 E = Time spent auto-exploring this place.
 F = Levels seen in this place.
 G = Mean time per level.
                   A        B        C        D        E       F      G
               +--------+--------+--------+--------+--------+-----+--------+
         Total |  28956 |  25855 |   3101 |   2133 |  17235 |  38 |  762.0 |
       Dungeon |  14067 |  12274 |   1793 |   1984 |   7955 |  15 |  937.8 |
        Temple |    243 |    186 |     57 |      0 |    167 |   1 |  243.0 |
          Lair |   4958 |   4384 |    574 |      2 |   3351 |   6 |  826.3 |
     Snake Pit |   4020 |   3764 |    256 |     74 |   2634 |   4 | 1005.0 |
    Slime Pits |    571 |    571 |      0 |     38 |     65 |   5 |  114.2 |
  Orcish Mines |   1190 |   1036 |    154 |      0 |    800 |   2 |  595.0 |
   Elven Halls |   3063 |   2799 |    264 |     35 |   1817 |   3 | 1021.0 |
        Bailey |    427 |    427 |      0 |      0 |    216 |   1 |  427.0 |
       Volcano |    413 |    413 |      0 |      0 |    230 |   1 |  413.0 |
               +--------+--------+--------+--------+--------+-----+--------+

Top non-repeatable levels by time:
   Elf:3: 1348 daAuts
     D:9: 1347 daAuts
    D:12: 1221 daAuts
     D:3: 1218 daAuts
   Elf:1: 1204 daAuts
     D:1: 1144 daAuts
    D:11: 1107 daAuts
 Snake:4: 1100 daAuts
 Snake:1: 993 daAuts
 Snake:3: 969 daAuts
  Lair:1: 959 daAuts
 Snake:2: 958 daAuts
     D:2: 951 daAuts
  Lair:4: 947 daAuts
    D:10: 946 daAuts
